 Dungeon Crawl Stone Soup version 0.30.1-3-gfc49f6343a (webtiles) character file.

Game seed: 7282715911291673354

141 Peloso the Covered (level 5, 0/47 HPs)
             Began as a Minotaur Fighter on July 26, 2023.
             Slain by Grinder (7 damage)
             ... on level 3 of the Dungeon.
             The game lasted 00:03:41 (1933 turns).

Peloso the Covered (Minotaur Fighter)               Turns: 1933, Time: 00:03:41

Health: 0/47       AC:  8    Str: 20    XL:     5   Next: 3%
Magic:  4/4        EV:  9    Int:  5    God:
Gold:   118        SH:  5    Dex: 12    Spells: 4/4 levels left

rFire   . . .        a - +0 long sword
rCold   . . .        d - +0 buckler
rNeg    . . .        e - +0 scale mail
rPois   .            (helmet restricted)
rElec   .            (no cloak)
rCorr   .            (no gloves)
SInv    .            c - +0 pair of boots
Will    +....        (no amulet) Stlth
                     j - ring of willpower
HPRegen 0.27/turn    (no ring)
MPRegen 0.09/turn

%: no passive effects
@: mighty
A: horns 2, retaliatory headbutt
a: no special abilities


You were on level 3 of the Dungeon.
You visited 1 branch of the dungeon, and saw 3 of its levels.

You collected 118 gold pieces.

Inventory:

Hand Weapons
 a - a +0 long sword (weapon)
Armour
 c - a +0 pair of boots (worn)
 d - a +0 buckler (worn)
 e - a +0 scale mail (worn)
Magical Staves
 b - the staff of cold "Pogoub" {rF++ rC+}
   (You found it on level 2 of the Dungeon)

   [staff of cold]

   Base accuracy: +5 Base damage: 5 Base attack delay: 1.2 This weapon's minimum
   attack delay (0.6) is reached at skill level 12.
   rF:        It greatly protects you from fire.
   rC:        It protects you from cold.
   It falls into the 'Staves' category.
   It is a one-handed weapon.
Jewellery
 j - a ring of willpower (left hand)
Wands
 f - a wand of flame (24)
Scrolls
 g - 3 scrolls of amnesia
 h - 2 scrolls of teleportation
 i - a scroll of immolation
 p - a scroll of fog
Potions
 k - 2 potions of curing
 l - 3 potions of heal wounds
 m - a potion of flight


   Skills:
 + Level 4.4 Fighting
 + Level 3.7 Long Blades
 + Level 0.2 Staves
 + Level 5.0 Armour
 + Level 1.3 Dodging
 + Level 4.1 Shields


You had 4 spell levels left.
You didn't know any spells.
Your spell library contained the following spells:

 Spells                   Type           Power      Damage    Failure   Level
 Portal Projectile        Hex/Tloc       0%         N/A       99%         3
 Tukima's Dance           Hex            0%         N/A       99%         3
 Blade Hands              Tmut           0%         N/A       100%        5


Dungeon Overview and Level Annotations

Branches:
Dungeon (3/15)

Altars:

Annotations:
D:3 Grinder


Innate Abilities, Weirdness & Mutations

You have a pair of horns on your head.
You reflexively headbutt those who attack you in melee.


Message History

You barely miss something. Something hits you but does no damage.
You hit something. Something hits you.
You hit something. Your headbutt misses something.
You hear some strange, mumbled words.
A puff of flame appears from out of thin air!
The puff of flame hits you!
Grinder says, "I used to sell toenails on the black market."
Grinder blinks!
Something completely misses you.
You hit something but do no damage. Something completely misses you.
You miss something. Something hits you but does no damage.
You hit something.
Reactivating autopickup.
You feel a bit more experienced.
Your Dodging skill increases to level 1!
You closely miss the orc. The orc hits you with a +0 flail. x2
You closely miss the orc. The orc hits you with a +0 flail.
* * * LOW HITPOINT WARNING * * *
You hit the orc.
The orc is heavily wounded.
You block the orc's attack.
You slice the orc!!
You kill the orc!
Grinder blinks!
You have reached level 5!
You hit the orc. You headbutt the orc.
You kill the orc!
You block the giant cockroach's attack.
Your Armour skill increases to level 5!
You hit the giant cockroach.
The giant cockroach is moderately wounded.
The giant cockroach completely misses you.
You furiously retaliate!
You headbutt the giant cockroach!
You kill the giant cockroach!
Items here: )))) [[ ††††.
You hit Grinder but do no damage. Grinder gestures at you.
Pain shoots through your body!
* * * LOW HITPOINT WARNING * * *
You closely miss Grinder. Grinder hits you!
You die...

#...##..##.## #.#
#...##..##. #.#
#...##..##. #.#
######..##. #.# #
#..##.####.##.#.#
#...........#
#.####)##.#.# #)#
# #@# #5# ...
##.## ... #.# #.#
#.#


You could see Grinder.

Vanquished Creatures
  Jessica (D:2)
  An orc wizard (D:3)
  An adder (D:2)
  A worm (D:2)
  2 dart slugs (D:2)
  4 orcs (D:3)
  5 bats
  6 endoplasms
  14 giant cockroaches
  4 goblins
  5 hobgoblins
  8 kobolds
  7 ball pythons
  2 frilled lizards (D:1)
  5 rats
66 creatures vanquished.

Notes
Turn   | Place    | Note
-------+----------+-------------------------------------------
     0 | D:1      | Peloso the Minotaur Fighter began the quest for the Orb.
     0 | D:1      | Reached XP level 1. HP: 19/19 MP: 0/0
   187 | D:1      | Reached skill level 4 in Armour
   187 | D:1      | Reached XP level 2. HP: 23/27 MP: 1/1
   235 | D:1      | Found a faded altar of an unknown god.
   679 | D:1      | Reached XP level 3. HP: 33/33 MP: 2/2
   890 | D:2      | Identified the staff of cold "Pogoub" {rF++ rC+}
  1066 | D:2      | Reached XP level 4. HP: 41/41 MP: 3/3
  1113 | D:2      | Noticed Jessica
  1120 | D:2      | Killed Jessica
  1906 | D:3      | Noticed Grinder
  1924 | D:3      | Reached skill level 1 in Dodging
  1928 | D:3      | Reached XP level 5. HP: 15/47 MP: 4/4
  1929 | D:3      | Reached skill level 5 in Armour
  1933 | D:3      | Slain by Grinder

Illustrated notes

Levels and vault maps discovered:
D:1:      mrwooster_arrival_statue_2, layout_loops_ring, basic_ecumenical_altar,
          kennysheep_crisscross, minmay_pentomino_v4
D:2:      minmay_roachtagon, layout_basic, uniq_jessica
D:3:      layout_basic, jmf_multi_god_temple, uniq_natasha, uniq_grinder

Skill      XL: |  1  2  3  4  5 |
---------------+----------------+-----
Armour         | 4 5 |  5.0
Fighting       | 4 |  4.4
Shields        | 4 |  4.1
Long Blades    | 3 |  3.7
Dodging        | 1 |  1.3
Staves         | |  0.2

Action                     |  1- 3 |  4- 6 || total
---------------------------+-------+-------++-------
  Melee: Long sword        |    90 |    46 ||   136
         Headbutt          |    10 |     7 ||    17
         Staff             |    15 |       ||    15
    Use: Potion            |     4 |     1 ||     5
         Scroll            |     3 |     3 ||     6
 Armour: Scale mail        |    60 |    10 ||    70
  Dodge: Dodged            |    59 |    18 ||    77
  Block: Buckler           |    35 |     5 ||    40
